 Dungeon Crawl Stone Soup version 0.31-a0-37-g98a128e1d9 (webtiles) character file.

Game seed: 2253522192718985786

2721 pk666 the Thaumaturge (level 9, -2/45 HPs)
             Began as a Deep Elf Fire Elementalist on May 15, 2023.
             Was a Believer of Vehumet.
             Slain by a yak (4 damage)
             ... on level 8 of the Dungeon.
             The game lasted 00:21:27 (8914 turns).

pk666 the Thaumaturge (Deep Elf Fire Elementalist)  Turns: 8914, Time: 00:21:27

Health: -2/45      AC:  8    Str:  5    XL:     9   Next: 39%
Magic:  7/23       EV: 16    Int: 25    God:    Vehumet [**....]
Gold:   152        SH:  0    Dex: 15    Spells: 14/25 levels left

rFire   + . .        y - staff of fire
rCold   . . .        (no shield)
rNeg    + . .        E - +1 robe of Somewhere Else {Contam rElec rN+}
rPois   .            (no helmet)
rElec   +            G - +0 cloak
rCorr   .            (no gloves)
SInv    .            (no boots)
Will    .....        n - amulet of faith
Stlth   ++           e - +4 ring of protection
HPRegen 0.27/turn    k - ring of wizardry
MPRegen 0.18/turn

%: faith, wizardry (x1)
@: weak-willed, animating dead, hasted, very quick
A: no striking features
a: Renounce Religion


You were on level 8 of the Dungeon.
You worshipped Vehumet.
Vehumet was pleased with you.
You visited 2 branches of the dungeon, and saw 10 of its levels.

You collected 483 gold pieces.
You spent 331 gold pieces at shops.

Inventory:

Hand Weapons
 l - a +3 short sword of flaming
Missiles
 f - 2 throwing nets
Armour
 s - a scarf of repulsion
 E - the +1 robe of Somewhere Else (worn) {Contam rElec rN+}
   (You bought it in a shop on level 6 of the Dungeon)

   rElec:     It insulates you from electricity.
   rN:        It protects you from negative energy.
   Contam:    It causes magical contamination when unequipped.
 G - a +0 cloak (worn)
Magical Staves
 y - a staff of fire (weapon)
Jewellery
 e - a +4 ring of protection (left hand)
 h - a +6 ring of strength
 k - a ring of wizardry (right hand)
 n - an amulet of faith (around neck)
 p - a ring of protection from fire
 D - an amulet of magic regeneration
Wands
 i - a wand of polymorph (7)
 t - a wand of mindburst (13)
 u - a wand of flame (9)
Scrolls
 a - a scroll of enchant armour {unknown}
 m - 2 scrolls of magic mapping
 o - a scroll of butterflies {unknown}
 r - a scroll of brand weapon {unknown}
 v - a scroll of fear {unknown}
 w - a scroll of vulnerability
 x - a scroll of identify
 B - 2 scrolls of amnesia
 F - a scroll of fog {unknown}
Potions
 b - a potion of magic
 d - 2 potions of flight
 g - 6 potions of curing
 j - a potion of brilliance {unknown}
 q - a potion of haste
 z - a potion of ambrosia {unknown}
 A - a potion of cancellation {unknown}
 C - a potion of berserk rage {unknown}


   Skills:
 + Level 8.0 Dodging
 - Level 2.4 Stealth
 + Level 8.8 Spellcasting
 + Level 7.0 Conjurations
 * Level 2.6 Necromancy
 + Level 7.6 Fire Magic


You had 14 spell levels left.
You knew the following spells:

 Your Spells              Type           Power      Damage    Failure   Level
a - Foxfire               Conj/Fire      100%       2x1d9     1%          1
b - Scorch                Fire           100%       2d9       1%          2
c - Flame Wave            Conj/Fire      64%        2d15      1%          4
d - Animate Dead          Necr           24%        N/A       8%          4

Your spell library contained the following spells:

 Spells                   Type           Power      Damage    Failure   Level
 Searing Ray              Conj           92%        2d7       1%          2
 Inner Flame              Hex/Fire       45%        N/A       1%          3
 Volatile Blastmotes      Fire/Tloc      90%        2d17      1%          3
 Beastly Appendage        Tmut           22%        N/A       2%          1
 Lesser Beckoning         Tloc           22%        N/A       3%          2
 Wereblood                Tmut           11%        N/A       3%          2
 Gell's Gravitas          Tloc           11%        N/A       7%          3
 Spider Form              Tmut/Pois      11%        N/A       7%          3
 Teleport Other           Tloc           11%        N/A       7%          3
 Haunt                    Necr/Summ      8%         N/A       100%        7
 Infestation              Necr           12%        N/A       100%        8


Dungeon Overview and Level Annotations

Branches:
Dungeon (9/15)             Temple (1/1) D:4
   Lair: D:8-11         Orc: D:9-12

Altars:
Ashenzari
Cheibriados
Dithmenos
Elyvilon
Fedhas
Gozag
Hepliaklqana
Okawaru
Qazlal
Sif Muna
Uskayaw
Vehumet
Wu Jian
Xom
Zin
The Shining One

Shops:
D:1 *   D:6 [   D:8 !   D:9 *


Message History

The yak is severely wounded.
The yak completely misses you. The yak gores you! The yak misses you.
Casting: Scorch (safe; 1% risk of failure)
Confirm with . or Enter, or press ? or * to list all spells.
You feel a surge of power!
Flames lash the yak.
The yak is burned terribly!
The yak is moderately wounded.
The yak gores you but does no damage. The yak barely misses you. x2
Casting: Scorch (safe; 1% risk of failure)
Confirm with . or Enter, or press ? or * to list all spells.
You feel a surge of power!
Flames lash the yak.
The yak is lightly wounded.
The yak's fire resistance burns away.
The yak gores you. The yak barely misses you. The yak closely misses you.
What are your orders? t - Shout!
Orders for allies: a - Attack new target. r - Retreat! s - Stop attacking. g - Guard the area. f - Follow me.
Anything else - Cancel.
Okay, then.
As you read the scroll labelled XEOHA TIAKK, it crumbles to dust.
Magic quickly surges around you.
It was a scroll of vulnerability.
The yak gores you but does no damage. The yak misses you. The yak gores you!
* * * LOW HITPOINT WARNING * * *
You feel much better. The yak misses you. The yak barely misses you.
The yak gores you! The yak attacks as you move away! The yak gores you!
* * * LOW HITPOINT WARNING * * *
The yak attacks as you move away! The yak closely misses you. x2
The yak is no longer more vulnerable to fire.
You feel much better.
The yak is no longer more vulnerable to fire.
The yak barely misses you.
You feel yourself speed up. The yak gores you! The yak gores you.
* * * LOW HITPOINT WARNING * * *
The yak gores you!
* * * LOW HITPOINT WARNING * * *
Okay, then.
The yak gores you.
You die...

.....## ##......#
##......
.Y....######..)....#
#.......
..........#..<.....#
........
...##.....##......##
######'
#####.....#########
#.....
YY................#
..##.....
..Y##.....##..Y...#
..........
...##.....#..Y.YY.#
..........
Y###..........YY@.#
...........
...#.#######......#
.########## ..>..#
#......## #...
<..#.# #.......#
#... .....#
###.....# #...
.....+ +$#.....#
#... .....#
###....## #...
.....# #...#####
#....#... ####.#
#.......# #... #...


You could see 6 yaks.

Vanquished Creatures
  2 wyverns
  2 steam dragons
  3 water moccasins
  A sky beast (D:4)
  2 black bears
  2 ogres (D:4)
  A kobold brigand (D:7)
  A phantom (D:7)
  5 bullfrogs
  2 scorpions
  3 hounds
  5 orc priests
  2 sleepcaps (D:7)
  3 iguanas
  5 orc wizards
  Robin (D:3)
  3 gnolls (D:2)
  11 adders
  A shadow imp (D:4)
  2 white imps
  3 ufetubi
  3 dart slugs
  26 orcs
  6 endoplasms
  4 giant cockroaches
  11 hobgoblins
  2 quokkas (D:2)
  9 ball pythons
  3 bats
  3 frilled lizards (D:1)
  21 goblins
  18 kobolds
  6 rats
172 creatures vanquished.

Vanquished Creatures (others)
  A bullfrog zombie (D:8)
  535 foxfires
536 creatures vanquished.

Grand Total: 708 creatures vanquished

Notes
Turn   | Place    | Note
-------+----------+-------------------------------------------
     0 | D:1      | pk666 the Deep Elf Fire Elementalist began the quest for
                  | the Orb.
     0 | D:1      | Reached XP level 1. HP: 10/10 MP: 6/6
   179 | D:1      | Reached XP level 2. HP: 15/15 MP: 5/8
   224 | D:1      | Learned a level 2 spell: Scorch
   711 | D:1      | Reached XP level 3. HP: 19/19 MP: 8/10
   789 | D:1      | Found Rouniv's General Store.
  1075 | D:1      | Found a radiant altar of Vehumet.
  1271 | D:2      | Found a faded altar of an unknown god.
  1708 | D:2      | Reached XP level 4. HP: 24/24 MP: 8/11
  2193 | D:3      | Reached XP level 5. HP: 22/28 MP: 6/13
  2605 | D:3      | Found a hazy altar of Hepliaklqana.
  2829 | D:3      | Noticed Robin
  2892 | D:3      | Killed Robin
  3293 | D:4      | Noticed a sky beast
  3304 | D:4      | Killed a sky beast
  3305 | D:4      | Reached skill level 5 in Spellcasting
  3305 | D:4      | Reached XP level 6. HP: 9/32 MP: 7/15
  3555 | D:4      | Found a stormy altar of Qazlal.
  3683 | D:4      | Found a staircase to the Ecumenical Temple.
  3703 | Temple   | Entered the Ecumenical Temple
  3880 | Temple   | Became a worshipper of Vehumet
  3925 | D:4      | Reached skill level 5 in Fire Magic
  4372 | D:4      | Reached skill level 5 in Dodging
  4372 | D:4      | Reached XP level 7. HP: 36/36 MP: 10/17
  5162 | D:5      | Entered Level 5 of the Dungeon
  5810 | D:5      | Learned a level 4 spell: Flame Wave
  5877 | D:6      | Reached * piety under Vehumet
  5877 | D:6      | Offered knowledge of Freeze by Vehumet.
  5878 | D:6      | Reached skill level 5 in Conjurations
  6122 | D:6      | Reached XP level 8. HP: 38/41 MP: 12/20
  6517 | D:6      | Found an opulent altar of Gozag.
  6890 | D:6      | Found Byongixu's Armour Shop.
  6898 | D:6      | Bought the +1 robe of Somewhere Else {Contam rElec rN+} for
                  | 256 gold pieces
  7655 | D:7      | Reached ** piety under Vehumet
  7655 | D:7      | Offered knowledge of Searing Ray by Vehumet.
  7719 | D:7      | You fall into a shaft and drop 2 floors!
  7719 | D:9      | Found Zithruud's Assorted Antiques.
  7746 | D:9      | Found a snail-covered altar of Cheibriados.
  7763 | D:9      | Noticed a two-headed ogre
  7833 | D:7      | Found an iron altar of Okawaru.
  7908 | D:7      | Reached XP level 9. HP: 45/45 MP: 18/23
  7971 | D:7      | HP: 2/45 [wyvern (14)]
  8525 | D:8      | Found Myeseor's Distillery.
  8533 | D:8      | Bought a potion of heal wounds for 75 gold pieces
  8561 | D:8      | Reached skill level 1 in Necromancy
  8722 | D:7      | Learned a level 4 spell: Animate Dead
  8913 | D:8      | HP: 2/45 [yak (10)]
  8914 | D:8      | Slain by a yak

Illustrated notes

Levels and vault maps discovered:
D:1:      dpeg_arrival_water_altar, layout_basic, serial_shops,
          nicolae_shop_real_fake_doors, ebering_dispersal_statue_hall,
          minmay_heptomino_o4
D:2:      layout_basic, hellmonk_ecumenical_altar_heavens_door,
          grunt_ministairs_15
D:3:      layout_basic, mainiacjoe_overflow_tiny_flanked, uniq_robin
D:4:      layout_layer_cave, nicolae_qazlal_eye_of_the_storm,
          minmay_temple_entry_glass, corner_web_ring
D:5:      layout_loops_ring, corexii_checkpoint_a, serial_bayou_crossing
D:6:      layout_layer_cave, mainiacjoe_overflow_six_doors_small, serial_shops,
          shop
D:7:      layout_rooms, lemuel_round_altar, serial_glass, glass_columns_a,
          glass_columns_a, glass_columns_b, glass_columns_c, glass_columns_c,
          glass_columns_a
D:8:      minmay_four_partial_circles, layout_gridville,
          nemelex_spade_bored_becter, serial_shops, shop, grunt_tough_drop
D:9:      layout_cross, nicolae_overflow_hallway_of_the_gods,
          cheibrodos_worm_habitat, david_orc_3, serial_shops,
          nicolae_shop_waterfront
Temple:   grunt_temple_mini_profane

Skill      XL: |  1  2  3  4  5  6  7  8  9 |
---------------+----------------------------+-----
Dodging        | 3 4 5 6 7 8 |  8.0
Conjurations   | 2 3 4 5 6 7 |  7.0
Spellcasting   | 4 5 6 8 |  8.8
Fire Magic     | 4 5 6 7 |  7.6
Necromancy     | 2 |  2.6
Stealth        | |  2.4

Action                     |  1- 3 |  4- 6 |  7- 9 || total
---------------------------+-------+-------+-------++-------
   Cast: Foxfire           |    91 |   114 |   112 ||   317
         Scorch            |     1 |    14 |    70 ||    85
         Animate Dead      |       |       |     2 ||     2
    Use: Scroll            |     2 |     5 |     4 ||    11
         Potion            |       |       |     4 ||     4
 Armour: Robe              |     1 |     1 |    15 ||    17
  Dodge: Dodged            |     5 |    14 |    45 ||    64

Table legend: (Time is in decaauts)
 A = Elapsed time spent in this place.
 B = Non-inter-level travel time spent in this place.
 C = Inter-level travel time spent in this place.
 D = Time resting spent in this place.
 E = Time spent auto-exploring this place.
 F = Levels seen in this place.
 G = Mean time per level.
                   A        B        C        D        E       F      G
               +--------+--------+--------+--------+--------+-----+--------+
         Total |   8923 |   8617 |    306 |   1267 |   5937 |  10 |  892.3 |
       Dungeon |   8707 |   8438 |    269 |   1267 |   5765 |   9 |  967.4 |
        Temple |    215 |    178 |     37 |      0 |    172 |   1 |  215.0 |
               +--------+--------+--------+--------+--------+-----+--------+

Top non-repeatable levels by time:
     D:4: 1714 daAuts
     D:6: 1583 daAuts
     D:1: 1215 daAuts
     D:7: 1136 daAuts
     D:2: 1065 daAuts
     D:3: 951 daAuts
     D:5: 679 daAuts
     D:8: 311 daAuts
  Temple: 215 daAuts
     D:9: 49 daAuts
